 Dungeon Crawl Stone Soup version 0.31-a0-145-g046c7d2549 (webtiles) character file.

Game seed: 12299357763561217582

747 mopl the Trooper (level 7, -1/55 HPs)
             Began as a Mummy Fighter on June 5, 2023.
             Was an Initiate of Nemelex Xobeh.
             Slain by an orc wizard
             ... wielding a +0 dagger
              (3 damage)
             ... on level 5 of the Dungeon.
             The game lasted 00:05:46 (3356 turns).

mopl the Trooper (Mummy Fighter)                    Turns: 3356, Time: 00:05:47

Health: -1/55      AC:  9    Str: 19    XL:     7   Next: 48%
Magic:  7/7        EV: 10    Int:  7    God:    Nemelex Xobeh [......]
Gold:   220        SH:  4    Dex: 14    Spells: 6/6 levels left

rFire   x . .        a - +0 flail
rCold   + . .        c - +0 buckler
rNeg    + + +        b - +0 scale mail
rPois   ∞            g - +0 helmet
rElec   .            (no cloak)
rCorr   .            e - +0 pair of gloves
SInv    .            (no boots)
Will    .....        (no amulet) Stlth
                     (no ring)
HPRegen 0.29/turn    (no ring)
MPRegen 0.10/turn

%: faith
@: no status effects
A: cold resistance 1, negative energy resistance 3, torment resistance 2, heat
vulnerability 1, in touch with death 1, no potions, faith
a: Renounce Religion, Draw Escape, Draw Destruction, Draw Summoning


You were on level 5 of the Dungeon.
You worshipped Nemelex Xobeh.
Nemelex Xobeh was noncommittal.
You visited 2 branches of the dungeon, and saw 6 of its levels.
You also visited: Ossuary.

You collected 250 gold pieces.
You spent 30 gold pieces at shops.

Inventory:

Hand Weapons
 a - a +0 flail (weapon)
 u - a +1 hand axe of flaming
Missiles
 m - 5 boomerangs
 o - 10 poisoned darts (quivered)
Armour
 b - a +0 scale mail (worn)
 c - a +0 buckler (worn)
 e - a +0 pair of gloves (worn)
 g - a +0 helmet (worn)
Wands
 k - a wand of iceblast (6)
Scrolls
 d - 6 scrolls of identify {unknown}
 f - 2 scrolls of poison {unknown}
 h - 3 scrolls of teleportation
 i - 2 scrolls of immolation {unknown}
 j - 2 scrolls of fear {unknown}
 l - a scroll of enchant weapon {unknown}
 n - a scroll of magic mapping {unknown}
 p - 2 scrolls of blinking {unknown}
 q - 3 scrolls of enchant armour {unknown}
 r - a scroll of vulnerability {unknown}
 s - 2 scrolls of fog {unknown}
 t - a scroll of silence {unknown}


   Skills:
 + Level 4.5 Fighting
 * Level 4.3 Maces & Flails
 + Level 2.1 Throwing
 + Level 3.7 Armour
 + Level 2.4 Dodging
 - Level 2.4 Shields
 + Level 0.6 Invocations


You had 6 spell levels left.
You didn't know any spells.
Your spell library contained the following spells:

 Spells                   Type           Power      Damage    Failure   Level
 Dazzling Flash           Conj/Hex       0%         N/A       99%         3
 Ozocubu's Armour         Ice            0%         N/A       99%         3
 Volatile Blastmotes      Fire/Tloc      0%         2d10      99%         3
 Iskenderun's Mystic Bla  Conj/Tloc      0%         2d3       100%        4
 Starburst                Conj/Fire      0%         6d3       100%        6
 Ozocubu's Refrigeration  Ice            0%         4d7       100%        7


Dungeon Overview and Level Annotations

Branches:
Dungeon (5/15)             Temple (1/1) D:5         Ossuary (visited)

Altars:
Ashenzari
Cheibriados
Fedhas
Kikubaaqudgha
Makhleb
Nemelex Xobeh
Okawaru
Qazlal
Ru
Sif Muna
Uskayaw
Wu Jian
Xom

Shops:
D:1 ?[

Annotations:
D:2 1 runed translucent door, Crazy Yiuf


Innate Abilities, Weirdness & Mutations

You are immune to poison.
Your flesh is cold resistant. (rC+)
You are immune to negative energy. (rN+++)
You are immune to unholy pain and torment.
You are vulnerable to heat. (rF-)
You are in touch with the powers of death.
You do not drink.
You have a special connection with the divine. (Faith)


Message History

The orc priest hits you but does no damage.
The orc hits you but does no damage.
You barely miss the orc priest.
The orc priest is severely wounded.
The orc closely misses you. Something hits you but does no damage.
The orc hits you from afar with a +0 trident!
The orc priest hits you but does no damage.
The orc hits you but does no damage.
You sock the orc priest!
You kill the orc priest!
The orc hits you from afar with a +0 trident.
* * * LOW HITPOINT WARNING * * *
Something hits you but does no damage.
The orc throws a stone.
The stone hits you but does no damage. The orc hits you but does no damage.
Unknown command.
You hit something but do no damage.
The orc hits you from afar with a +0 trident!
* * * LOW HITPOINT WARNING * * *
Something hits you but does no damage. The orc barely misses you.
The orc closely misses you. You block the orc's attack. x2
The orc throws a stone.
You hear some strange, mumbled words.
A puff of flame appears from out of thin air!
The puff of flame hits you. The fire burns you terribly!
* * * LOW HITPOINT WARNING * * *
You barely miss something.
The orc hits you from afar with a +0 trident.
* * * LOW HITPOINT WARNING * * *
Something hits you but does no damage. The orc closely misses you.
You block the orc's attack.
Unknown command.
You miss something. The orc barely misses you.
Something hits you but does no damage. You block the orc's attack. x2
You barely miss something. The orc hits you but does no damage.
Something hits you but does no damage. The orc barely misses you.
The orc hits you but does no damage.
You hit something but do no damage. The orc hits you but does no damage.
Something hits you.
You die...
Your body disappears without a glow.

#. ################...
#... #... . ## #... ..
#. #... ...##.# #...
#......######## ####.##
#...??..)##.#.# #.##...
..#...o{@#...# ##...##.
#...o#o#.#.# #.......
.)......#.....# #.....#.
..##....#....## #..§§.#.
#....#....#### #..§....
#....###)....###.......
...#####..##..###.####.
....###....###...#.###..
.....#...#.##
###.#.##...


You could see 3 orcs.

Vanquished Creatures
  An ice beast (D:5)
  A scorpion (D:4)
  4 water moccasin zombies (Ossuary)
  2 hounds
  An orc priest (D:5)
  A sleepcap (D:4)
  2 iguanas
  2 mummies (Ossuary)
  7 adders
  5 adder zombies (Ossuary)
  3 worms
  3 orcs
  5 bats
  8 endoplasms
  3 giant cockroaches
  5 gnoll zombies (Ossuary)
  4 goblins
  6 hobgoblins
  3 jackals (D:1)
  6 quokkas
  4 ball pythons
  2 frilled lizards (D:1)
  7 hobgoblin zombies (Ossuary)
  12 kobolds
  7 kobold zombies (Ossuary)
  2 orc zombies (Ossuary)
  2 rats
108 creatures vanquished.

Notes
Turn   | Place    | Note
-------+----------+-------------------------------------------
     0 | D:1      | mopl the Mummy Fighter began the quest for the Orb.
     0 | D:1      | Reached XP level 1. HP: 18/18 MP: 1/1
    74 | D:1      | Reached XP level 2. HP: 15/24 MP: 2/2
   274 | D:1      | Reached skill level 2 in Maces & Flails
   324 | D:1      | Found Ysky's Magic Scroll Emporium.
   562 | D:1      | Found Kopragrae's Antique Armour Emporium.
   934 | D:1      | Bought a scroll of teleportation for 30 gold pieces
   988 | D:2      | Found a runed translucent door.
   989 | D:2      | Noticed Crazy Yiuf
  1054 | D:2      | Gained mutation: You are in touch with the powers of death.
                  | [Mummy growth]
  1054 | D:2      | Reached XP level 3. HP: 26/29 MP: 3/3
  1586 | D:3      | Reached skill level 1 in Dodging
  1706 | D:3      | Reached XP level 4. HP: 15/35 MP: 4/4
  2061 | D:4      | Reached skill level 3 in Maces & Flails
  2061 | D:4      | Reached XP level 5. HP: 34/41 MP: 5/5
  2144 | D:4      | Reached skill level 3 in Armour
  2195 | D:4      | Found a sand-covered staircase.
  2207 | Ossuary  | Entered an ossuary
  2234 | Ossuary  | Reached skill level 1 in Throwing
  2249 | Ossuary  | Reached XP level 6. HP: 24/48 MP: 6/6
  2418 | Ossuary  | Reached skill level 4 in Fighting
  2418 | Ossuary  | Reached skill level 2 in Dodging
  2761 | D:4      | Reached skill level 4 in Maces & Flails
  2761 | D:4      | Reached XP level 7. HP: 46/55 MP: 7/7
  2884 | D:5      | Entered Level 5 of the Dungeon
  2894 | D:5      | Reached skill level 2 in Throwing
  2904 | D:5      | Found a staircase to the Ecumenical Temple.
  2915 | Temple   | Entered the Ecumenical Temple
  2915 | Temple   | Noticed a blizzard demon
  2915 | Temple   | Noticed an ice devil
  2915 | Temple   | Noticed a smoke demon
  2915 | Temple   | Noticed a reaper
  2915 | Temple   | Noticed a ynoxinul
  2916 | Temple   | Noticed Uckill the pandemonium lord
  2916 | Temple   | Noticed Batelaul the pandemonium lord
  2916 | Temple   | Noticed a hellwing
  2917 | Temple   | Noticed an orange demon
  2917 | Temple   | Noticed a hell beast
  2944 | Temple   | Noticed a chaos spawn
  2945 | Temple   | Noticed Ciyschar the pandemonium lord
  2955 | Temple   | Noticed Umimudad the pandemonium lord
  2961 | Temple   | Noticed a soul eater
  2962 | Temple   | Noticed a rust devil
  2973 | Temple   | Noticed a hell beast
  2973 | Temple   | Noticed Peiti the pandemonium lord
  2993 | Temple   | Noticed an ice devil
  2993 | Temple   | Noticed Sonkosyuf the pandemonium lord
  2994 | Temple   | Noticed a sixfirhy
  3024 | Temple   | Became a worshipper of Nemelex Xobeh the Trickster
  3353 | D:5      | HP: 1/55 [orc/+0 trident (4)]
  3356 | D:5      | Slain by an orc wizard

Illustrated notes

Levels and vault maps discovered:
D:1:      erik_arrival_orb_chamber, layout_loops_corners, serial_shops, shop,
          shop
D:2:      layout_basic, uniq_crazy_yiuf_cottage
D:3:      layout_rooms, minmay_crystal_room, minmay_quantized
D:4:      layout_rooms, nicolae_ossuary_entry_monument, minmay_between
D:5:      minmay_chambers_of_fours, layout_rooms,
          lemuel_zombie_altar_yredelemnul, minmay_temple_entry_purple_smoke,
          serial_bayou, serial_bayou_pond_a, serial_bayou_shore_a,
          serial_bayou_lake_a, serial_bayou_pond_c
Temple:   nicolae_temple_panitentiary

Skill      XL: |  1  2  3  4  5  6  7 |
---------------+----------------------+-----
Maces & Flails | 2 3 4 |  4.3
Dodging        | 1 2 |  2.4
Armour         | 3 |  3.7
Throwing       | 1 2 |  2.1
Fighting       | 4 |  4.5
Shields        | |  2.4
Invocations    | |  0.6

Action                     |  1- 3 |  4- 6 |  7- 9 || total
---------------------------+-------+-------+-------++-------
  Melee: Flail             |   181 |   251 |    48 ||   480
 Armour: Scale mail        |   118 |   122 |    51 ||   291
  Dodge: Dodged            |    86 |   113 |    41 ||   240
  Block: Buckler           |    35 |    37 |    15 ||    87

Table legend: (Time is in decaauts)
 A = Elapsed time spent in this place.
 B = Non-inter-level travel time spent in this place.
 C = Inter-level travel time spent in this place.
 D = Time resting spent in this place.
 E = Time spent auto-exploring this place.
 F = Levels seen in this place.
 G = Mean time per level.
                   A        B        C        D        E       F      G
               +--------+--------+--------+--------+--------+-----+--------+
         Total |   3506 |   3358 |    148 |    294 |   1880 |   7 |  500.9 |
       Dungeon |   2952 |   2819 |    133 |    175 |   1785 |   5 |  590.4 |
        Temple |    124 |    109 |     15 |      0 |     91 |   1 |  124.0 |
       Ossuary |    429 |    429 |      0 |    119 |      4 |   1 |  429.0 |
               +--------+--------+--------+--------+--------+-----+--------+

Top non-repeatable levels by time:
     D:1: 981 daAuts
     D:3: 576 daAuts
     D:2: 511 daAuts
     D:4: 509 daAuts
 Ossuary: 429 daAuts
     D:5: 372 daAuts
  Temple: 124 daAuts
